[Event "Titled Tuesday Blitz May 24 Late 2022"]
[White "Kaasen, Tor Fredrik"]
[Black "Diaz Rosas, Julio Cesar"]
[WhiteFideId "1516647"]
[BlackFideId "5105099"]
[WhiteElo "2335"]
[BlackElo "2278"]
[Result "1/2-1/2"]
[Round "07"]
[TimeControl "180+1"]
[Date "2022.05.24"]
[WhiteClock "0:00:15"]
[BlackClock "0:00:04"]

1. d4 d5 2. c4 e6 3. Nc3 a6 4. cxd5 exd5 5. Nf3 Nf6 6. Bg5 c6 7. e3 Bd6 8. Bd3 O-O 9. h3 Nbd7 10. O-O Re8 11. Re1 Nf8 12. Qc2 Ng6 13. Bxf6 Qxf6 14. e4 Bxh3 15. e5 Qf4 16. gxh3 Qxf3 17. Re3 Qf4 18. Bxg6 fxg6 19. exd6 Rxe3 20. fxe3 Qxe3+ 21. Qf2 Qg5+ 22. Kh2 Rf8 23. Qg3 Qd2+ 24. Kh1 Qxd4 25. Re1 Qf6 26. d7 Qf7 27. Qg4 Rd8 28. Na4 Rxd7 29. Nc5 Rd8 30. Qe6 d4 31. Nxb7 Qxe6 32. Rxe6 Rd5 33. Rxc6 d3 34. Rc1 d2 35. Rd1 Kf7 36. b4 Kf6 37. Nc5 Kf5 38. Nb3 Rd3 39. Rxd2 Rxh3+ 40. Kg2 Rc3 41. Kf2 h5 42. Rd5+ Kf4 43. Ra5 Rc2+ 44. Ke1 g5 45. Rxa6 h4 46. Nd4 Rb2 47. Ne2+ Kg4 48. Ra8 h3 49. Rh8 Rxb4 50. a3 Rb2 51. Kf2 Ra2 52. Rh7 Rxa3 53. Rxg7 Rf3+ 54. Kg1 Rf5 55. Rh7 Re5 56. Kf2 Rf5+ 57. Kg1 Ra5 58. Kf2 Ra3 59. Rh8 Rf3+ 60. Kg1 Ra3 61. Kf2 Ra1 62. Rh7 Rh1 63. Rh8 Rh2+ 64. Kf1 Kf3 65. Ng1+ Kg3 66. Ra8 Rf2+ 67. Ke1 Rb2 68. Ra3+ Kg4 69. Nxh3 Rb1+ 70. Kf2 Rb2+ 71. Kg1 Rb1+ 72. Kg2 Rb2+ 73. Nf2+ Kh5 74. Ra5 Kh6 75. Ra4 Kh5 76. Ra8 Rb3 77. Rh8+ Kg6 78. Rg8+ Kh5 79. Nh3 Rb2+ 80. Kg3 Rb3+ 81. Kg2 Rb2+ 82. Nf2 Rb3 83. Rh8+ Kg6 84. Rh1 Kf5 85. Rc1 Kg6 86. Nh3 Rb2+ 87. Nf2 Rb3 88. Rc2 Kh5 89. Nh3 g4 90. Nf2 Kh4 91. Rc8 Rg3+ 92. Kh2 Ra3 93. Rh8+ Kg5 94. Rg8+ Kh5 95. Nxg4 Ra2+ 96. Kg3 Ra3+ 97. Kg2 Ra2+ 98. Kf3 Ra3+ 99. Ne3 Ra5 100. Rg1 Ra4 101. Nd5 Ra5 102. Ke4 Ra4+ 103. Kf5 Kh4 104. Ne3 Ra5+ 105. Ke4 Ra4+ 106. Kf3 Kh5 107. Rg8 Kh6 108. Rg1 Kh5 1/2-1/2


[Site "https://www.chess.com"]

[Event "Titled Tuesday Blitz May 24 Late 2022"]
[White "Karttunen, Mika"]
[Black "Demchenko, Anton"]
[WhiteFideId "502081"]
[BlackFideId "4160258"]
[WhiteElo "2343"]
[BlackElo "2539"]
[Result "0-1"]
[Round "07"]
[TimeControl "180+1"]
[Date "2022.05.24"]
[WhiteClock "0:00:03"]
[BlackClock "0:00:05"]

1. c4 e5 2. Nc3 Nc6 3. g3 Bc5 4. Bg2 d6 5. Nf3 a6 6. d3 Ba7 7. O-O Nge7 8. b3 O-O 9. Bb2 h6 10. e4 f5 11. exf5 Bxf5 12. Nh4 Be6 13. Nd5 Qd7 14. Nxe7+ Nxe7 15. d4 Bg4 16. Qd2 Bxd4 17. Bxd4 exd4 18. Qxd4 g5 19. h3 Bh5 20. g4 Bf7 21. Nf5 Nxf5 22. gxf5 Qxf5 23. f4 Rae8 24. fxg5 Qxg5 25. Rf4 Qe5 26. Qxe5 dxe5 27. Rg4+ Kh8 28. Bxb7 a5 29. Rf1 Bg8 30. Rxf8 Rxf8 31. Be4 Rf6 32. Rg6 Rxg6+ 33. Bxg6 Kg7 34. Be4 Kf6 35. Kf2 c5 36. Kg3 Be6 37. h4 Bf5 38. Kf3 Bd7 39. a3 Be6 40. Bd3 Bf5 41. Be4 Bd7 42. Ke3 Be6 43. Bd3 Bg4 44. Bc2 Bf5 45. Be4 Ke6 46. Kf3 Bh3 47. Ke3 Kf6 48. Kf3 Be6 49. Ke3 Bf7 50. Kf3 Bh5+ 51. Ke3 Bd1 52. b4 axb4 53. axb4 cxb4 54. c5 Ke6 55. Kd2 Ba4 56. Kd3 Bb5+ 57. Kc2 Bc4 58. Kd2 Bd5 59. Bd3 Kd7 60. Bb5+ Kc7 61. Ke3 b3 62. Kd2 e4 63. Kc3 Kb7 64. Ba4 Ka6 65. Bd7 Ka5 66. Be8 Be6 67. c6 Kb6 68. Bd7 Bd5 69. Be8 Bxc6 70. Bf7 Ba4 71. Bd5 e3 72. Be4 Kc5 73. Kd3 b2 74. Kxe3 Kb4 75. Bb1 Kc3 76. Kf4 Bc2 77. Ba2 Kb4 78. Ke3 Ka3 79. Kd2 Kxa2 0-1


[Site "https://www.chess.com"]

[Event "Titled Tuesday Blitz May 24 Late 2022"]
[White "Keller, Peter"]
[Black "Sirosh, Ilja"]
[WhiteFideId "1272105"]
[BlackFideId "4500458"]
[WhiteElo "2275"]
[BlackElo "2241"]
[Result "0-1"]
[Round "07"]
[TimeControl "180+1"]
[Date "2022.05.25"]
[WhiteClock "0:00:03"]
[BlackClock "0:01:05"]

1. e4 c5 2. c3 d5 3. exd5 Qxd5 4. d4 g6 5. Nf3 Bg7 6. Na3 cxd4 7. Nb5 Na6 8. Nbxd4 Nf6 9. Bb5+ Bd7 10. Bxa6 bxa6 11. O-O O-O 12. Re1 Rfe8 13. Ne5 Bc8 14. Qb3 Bb7 15. Qxd5 Bxd5 16. c4 Bb7 17. f3 Rac8 18. b3 Red8 19. Bb2 e6 20. Rad1 Nd7 21. f4 Nxe5 22. fxe5 Bf8 23. Nf3 Bc5+ 24. Kf1 h6 25. Ke2 g5 26. h3 Kg7 27. Rxd8 Rxd8 28. Rd1 Rxd1 29. Kxd1 Kg6 30. Ke2 Kf5 31. a3 a5 32. Ne1 Ke4 33. Nd3 Bd4 34. b4 Bxb2 35. Nxb2 axb4 36. axb4 Kxe5 37. g3 Kd4 38. c5 Kc3 39. Nd3 Ba6 40. c6 Bxd3+ 0-1


[Site "https://www.chess.com"]

[Event "Titled Tuesday Blitz May 24 Late 2022"]
[White "Kim, Sergey"]
[Black "Kostiukov, Alexandr"]
[WhiteFideId "13700570"]
[BlackFideId "14108100"]
[WhiteElo "2548"]
[BlackElo "2202"]
[Result "0-1"]
[Round "07"]
[TimeControl "180+1"]
[Date "2022.05.25"]
[WhiteClock "0:00:43"]
[BlackClock "0:01:29"]

1. d4 g6 2. c4 Bg7 3. Nc3 d6 4. e4 e5 5. Nge2 exd4 6. Nxd4 Nc6 7. Nxc6 bxc6 8. Be3 Ne7 9. Qd2 O-O 10. Bh6 Rb8 11. Bxg7 Kxg7 12. Bd3 c5 13. O-O Nc6 14. b3 Nd4 15. Ne2 Qf6 16. Bc2 Nxe2+ 17. Qxe2 Re8 18. Qd3 Bb7 19. Rae1 Re7 20. Re3 Rbe8 21. Rfe1 Qd4 22. Qe2 a5 23. Rd1 Qb2 24. a4 Bxe4 25. Re1 Qxc2 26. Qxc2 Bxc2 27. Rxe7 Rxe7 28. Rxe7 Bxb3 29. Rxc7 Bxc4 30. Ra7 Kf6 31. Rxa5 Ke6 32. f3 Kd7 33. Kf2 Kc6 34. Ke3 Kb7 35. Kf4 f6 36. h4 Ba6 37. Ke4 Kb6 38. Rxa6+ Kxa6 39. Kd5 Ka5 0-1


[Site "https://www.chess.com"]

[Event "Titled Tuesday Blitz May 24 Late 2022"]
[White "Kopczynski, Michal"]
[Black "Lopez Idarraga, Daniel Eduardo"]
[WhiteFideId "1124200"]
[BlackFideId "4405501"]
[WhiteElo "2235"]
[BlackElo "2059"]
[Result "0-1"]
[Round "07"]
[TimeControl "180+1"]
[Date "2022.05.25"]
[WhiteClock "0:00:10"]
[BlackClock "0:01:19"]

1. e4 e6 2. d4 d5 3. Nc3 dxe4 4. Nxe4 Bd7 5. Ng3 Bc6 6. Nf3 Nd7 7. Bd3 Ngf6 8. Bg5 Be7 9. Qd2 Bxf3 10. gxf3 c6 11. O-O-O Qb6 12. f4 O-O-O 13. f5 e5 14. dxe5 Nxe5 15. Qc3 Nxd3+ 16. Rxd3 Rxd3 17. Qxd3 Qxf2 18. Qb3 Rf8 19. Be3 Qf3 20. Bxa7 Qxb3 21. cxb3 Bd6 22. Ne2 Be5 23. h4 Kc7 24. Bc5 Re8 25. Nc3 Bxc3 26. bxc3 Re2 27. a4 Ne4 28. Bd4 f6 29. Rg1 c5 30. Rxg7+ Kc6 31. Bxc5 Nxc5 32. Rxh7 Nxb3+ 33. Kd1 Rd2+ 34. Ke1 Ra2 35. Rf7 Rxa4 36. Rxf6+ Kd5 37. h5 Rh4 38. h6 Nc5 39. Rg6 Ke5 40. f6 Ke6 41. Rg5 b6 42. Ke2 Kxf6 43. Rd5 Rxh6 44. Ke3 Ke6 45. Rg5 Kd6 46. Kd4 Rh4+ 47. Ke3 Kc6 48. Rg6+ Kb5 49. Kd2 Rh2+ 50. Ke3 Rh3+ 51. Kd4 Rd3+ 52. Ke5 Rxc3 53. Kd6 Ne4+ 54. Ke5 Nd2 55. Kd4 Rc1 56. Kd3 Nb3 57. Rg5+ Nc5+ 58. Kd2 Rc4 59. Rg4 Rxg4 0-1


[Site "https://www.chess.com"]

[Event "Titled Tuesday Blitz May 24 Late 2022"]
[White "Korchmar, Vasiliy"]
[Black "Turutin, Alexander"]
[WhiteFideId "24131750"]
[BlackFideId "4180623"]
[WhiteElo "2370"]
[BlackElo "2402"]
[Result "1-0"]
[Round "07"]
[TimeControl "180+1"]
[Date "2022.05.25"]
[WhiteClock "0:02:18"]
[BlackClock "0:00:53"]

1. e4 c6 2. d4 d5 3. e5 Bf5 4. c4 e6 5. Nc3 dxc4 6. Bxc4 Ne7 7. Nge2 Nd5 8. Ng3 Bg6 9. h4 h6 10. h5 Bh7 11. O-O Be7 12. Qg4 Rg8 13. f4 Nb6 14. Bb3 Qxd4+ 15. Kh2 N8d7 16. Rd1 Qb4 17. Bd2 Nc4 18. Nd5 1-0


[Site "https://www.chess.com"]

[Event "Titled Tuesday Blitz May 24 Late 2022"]
[White "Koutlas, Nikolaos"]
[Black "Sapunov, Evgeny"]
[WhiteFideId "25827138"]
[BlackFideId "4126661"]
[WhiteElo "1645"]
[BlackElo "2470"]
[Result "1-0"]
[Round "07"]
[TimeControl "180+1"]
[Date "2022.05.24"]
[WhiteClock "0:00:05"]
[BlackClock "0:00:05"]

1. e4 c5 2. Nf3 d6 3. b3 a6 4. Bb2 e5 5. a4 Nc6 6. Bc4 g6 7. O-O Bg7 8. Re1 Nf6 9. d4 cxd4 10. c3 dxc3 11. Ba3 c2 12. Qxc2 Bg4 13. Ng5 O-O 14. h3 Nd4 15. Qd3 Be6 16. Nxe6 fxe6 17. Nc3 Kh8 18. Rad1 Nh5 19. Qe3 Nf4 20. Rd2 Rc8 21. Red1 h5 22. Rxd4 exd4 23. Rxd4 d5 24. exd5 e5 25. Rd1 Re8 26. Ne4 Qd7 27. Nc5 Qf5 28. Nxb7 Qg5 29. Qg3 Qf5 30. Nd6 Rxc4 31. Nxf5 Ne2+ 32. Kh2 Nxg3 33. Nxg7 Kxg7 34. bxc4 Ne4 35. c5 Rb8 36. d6 Rb3 37. d7 Rxa3 38. d8=Q 1-0


[Site "https://www.chess.com"]

[Event "Titled Tuesday Blitz May 24 Late 2022"]
[White "Krstulovic, Alex"]
[Black "Novikova, Galina"]
[WhiteFideId "760056"]
[BlackFideId "4157095"]
[WhiteElo "2193"]
[BlackElo "1863"]
[Result "1-0"]
[Round "07"]
[TimeControl "180+1"]
[Date "2022.05.25"]
[WhiteClock "0:02:33"]
[BlackClock "0:02:44"]

1. e4 e6 2. d4 d5 3. e5 c5 4. c3 Nc6 5. Nf3 Bd7 6. Be2 f6 7. O-O Qc7 8. Bf4 h6 9. Nh4 O-O-O 10. Ng6 Rh7 11. exf6 Bd6 12. Bxd6 Qxd6 13. f7 Nf6 14. f8=Q Rxf8 15. Nxf8 Qxf8 16. Bd3 Rh8 17. dxc5 Qxc5 18. Nd2 g5 19. Nb3 Qd6 20. Nd4 Ne5 21. Be2 Rf8 22. Rc1 Kb8 23. c4 Neg4 24. Bxg4 Nxg4 25. Qxg4 e5 26. Qg3 Rf4 27. Ne2 Rg4 28. Qf3 e4 29. Qe3 Bc6 30. cxd5 Bxd5 31. Rfd1 Qe5 32. Rc5 1-0


[Site "https://www.chess.com"]

[Event "Titled Tuesday Blitz May 24 Late 2022"]
[White "Kujawski, Adam"]
[Black "Baches Garcia, Guillermo"]
[WhiteFideId "1100920"]
[BlackFideId "2209764"]
[WhiteElo "1982"]
[BlackElo "2454"]
[Result "0-1"]
[Round "07"]
[TimeControl "180+1"]
[Date "2022.05.25"]
[WhiteClock "0:00:02"]
[BlackClock "0:00:04"]

1. e4 c5 2. Nf3 d6 3. d4 cxd4 4. Nxd4 Nf6 5. Nc3 Nc6 6. Bg5 e6 7. Qd2 h6 8. Bxf6 gxf6 9. O-O-O a6 10. f4 Bd7 11. g3 Qb6 12. Nb3 O-O-O 13. Kb1 h5 14. f5 Kb8 15. fxe6 fxe6 16. Bh3 Bc8 17. Rhf1 Be7 18. Ne2 h4 19. Nf4 hxg3 20. hxg3 f5 21. exf5 Bg5 22. fxe6 Rxh3 23. Qg2 Rh6 24. Nd5 Qa7 25. Rde1 Bxe6 26. Nf4 Bxf4 27. gxf4 Bxb3 28. axb3 Qc5 29. Qg5 Qxg5 30. fxg5 Rg6 31. Rf5 Rdg8 32. Rd1 Rxg5 33. Rxg5 Rxg5 34. Rxd6 Kc7 35. Rd1 Rg7 36. c3 Rd7 37. Rh1 b5 38. b4 Kb6 39. Rh6 Re7 40. Kc2 Re2+ 41. Kb3 Kc7 42. Rg6 Kb7 43. Rh6 Re7 44. Rg6 Rc7 45. Rh6 Nb8 46. Rg6 Nd7 47. Kc2 Nb6 48. b3 Nd5 49. Rg3 Nxb4+ 50. Kb2 Nc6 51. Ka3 Kb6 52. Rg6 a5 53. c4 b4+ 54. Ka4 Rd7 55. Rg8 Rd1 56. Rb8+ Ka6 57. Rb6+ Kxb6 58. c5+ Kc7 0-1


[Site "https://www.chess.com"]

[Event "Titled Tuesday Blitz May 24 Late 2022"]
[White "Larino Nieto, David"]
[Black "Vajda, Levente"]
[WhiteFideId "2256444"]
[BlackFideId "1203975"]
[WhiteElo "2532"]
[BlackElo "2573"]
[Result "0-1"]
[Round "07"]
[TimeControl "180+1"]
[Date "2022.05.24"]
[WhiteClock "0:00:02"]
[BlackClock "0:01:00"]

1. e4 e5 2. Nc3 Nf6 3. Nf3 Nc6 4. g3 d5 5. exd5 Nxd5 6. Bg2 Nxc3 7. bxc3 Bd6 8. O-O O-O 9. d3 Bg4 10. Rb1 Rb8 11. Re1 Bh5 12. a4 h6 13. Bd2 f5 14. Qc1 f4 15. gxf4 exf4 16. Rb5 Bg6 17. Kh1 Kh8 18. Rg1 a6 19. Rd5 Ne7 20. Nh4 Be8 21. Rd4 Nc6 22. Nf3 Nxd4 23. cxd4 b5 24. axb5 axb5 25. d5 b4 26. Nd4 f3 27. Nxf3 Bh5 28. Ng5 hxg5 29. Bxg5 Qd7 30. Qa1 Qf5 31. f4 Bxf4 32. Be4 Qxe4+ 33. dxe4 Bf3+ 34. Rg2 Bxg5 35. Qe5 Bh6 36. h4 Rbe8 37. Qd4 Rxe4 38. Qd3 Re1+ 39. Kh2 Bf4+ 0-1


[Site "https://www.chess.com"]

[Event "Titled Tuesday Blitz May 24 Late 2022"]
[White "Levine, David"]
[Black "Meunier-Pion, Jean"]
[WhiteFideId "2011611"]
[BlackFideId "20685327"]
[WhiteElo "2124"]
[BlackElo "2124"]
[Result "1-0"]
[Round "07"]
[TimeControl "180+1"]
[Date "2022.05.25"]
[WhiteClock "0:00:02"]
[BlackClock "0:00:01"]

1. d4 d5 2. c4 c6 3. Nf3 Nf6 4. Qc2 g6 5. Bf4 Bf5 6. Qb3 Qb6 7. e3 Bg7 8. Nc3 Qxb3 9. axb3 O-O 10. h3 Ne4 11. g4 Nxc3 12. gxf5 Ne4 13. Rg1 Nd7 14. h4 Kh8 15. Bh3 Ndf6 16. Be5 Rfd8 17. Ng5 Nxg5 18. hxg5 Ne8 19. Bxg7+ Kxg7 20. fxg6 hxg6 21. Ke2 Nd6 22. c5 Nb5 23. b4 Rh8 24. Rh1 Rh5 25. f4 Rah8 26. Bg2 f6 27. gxf6+ exf6 28. Bf3 Rh2+ 29. Kd3 Rxb2 30. Rxh8 Kxh8 31. Rg1 Kh7 32. f5 gxf5 33. Bh5 Rxb4 34. Be8 Rb2 35. Bd7 Na3 36. Bxf5+ Kh8 37. Rh1+ Kg8 38. Rh7 Nb1 39. e4 dxe4+ 40. Kxe4 Nc3+ 41. Kf4 Nd5+ 42. Ke4 a5 43. Rd7 a4 44. Be6+ Kf8 45. Bxd5 cxd5+ 46. Kxd5 a3 47. Rd8+ Ke7 48. Ra8 a2 49. c6 bxc6+ 50. Kxc6 Rc2+ 51. Kd5 Kf7 52. Kd6 Rd2 53. d5 Re2 54. Ra7+ Kg6 55. Kc5 f5 56. d6 Rc2+ 57. Kd5 f4 58. d7 f3 59. Ke4 f2 60. Rxa2 1-0


[Site "https://www.chess.com"]

[Event "Titled Tuesday Blitz May 24 Late 2022"]
[White "Livaic, Leon"]
[Black "Kruckenhauser, Arthur"]
[WhiteFideId "14531534"]
[BlackFideId "1642812"]
[WhiteElo "2540"]
[BlackElo "2243"]
[Result "1-0"]
[Round "07"]
[TimeControl "180+1"]
[Date "2022.05.24"]
[WhiteClock "0:02:56"]
[BlackClock "0:02:24"]

1. d4 d5 2. c4 c6 3. cxd5 cxd5 4. Bf4 Nc6 5. e3 Nf6 6. Nc3 Bf5 7. Qb3 Na5 8. Qa4+ Bd7 9. Qc2 e6 10. Bd3 Rc8 11. Nf3 Nh5 12. Bg5 Be7 13. Bxe7 Qxe7 14. O-O Nf6 15. Ne5 O-O 16. f4 Nc6 17. a3 Rc7 18. Rf3 Ne8 19. Bxh7+ 1-0


[Site "https://www.chess.com"]

[Event "Titled Tuesday Blitz May 24 Late 2022"]
[White "Lopez Gracia, Fernando"]
[Black "Joubert, Dantelle"]
[WhiteFideId "2207184"]
[BlackFideId "14310813"]
[WhiteElo "2412"]
[BlackElo "1507"]
[Result "1/2-1/2"]
[Round "07"]
[TimeControl "180+1"]
[Date "2022.05.25"]
[WhiteClock "0:00:48"]
[BlackClock "0:00:04"]

1. c4 e6 2. Nf3 d5 3. d4 Nf6 4. g3 Be7 5. Bg2 O-O 6. O-O dxc4 7. Ne5 c5 8. dxc5 Bxc5 9. Nxc4 Nc6 10. Nc3 Qe7 11. Bg5 Rd8 12. Qc1 Bd4 13. e3 Bxc3 14. Qxc3 h6 15. Bxf6 Qxf6 16. Qxf6 gxf6 17. Rfd1 Bd7 18. Nd6 Rab8 19. Nxb7 Rxb7 20. Bxc6 Rc7 21. Ba4 Kf8 22. Rd2 Ke7 23. Bb3 Bb5 24. Rad1 Rxd2 25. Rxd2 Rc1+ 26. Rd1 Rc5 27. h4 a5 28. a4 Bc6 29. Kh2 Bf3 30. Re1 Rc6 31. Rb1 Rb6 32. Bc4 Be4 33. Re1 Rxb2 34. Re2 Rxe2 35. Bxe2 Kd6 36. Bh5 Bg6 37. Bd1 Kd5 38. g4 Kc5 39. Kg3 Bd3 40. Kf4 Kb4 41. g5 fxg5+ 42. hxg5 hxg5+ 43. Kxg5 Be4 44. Bh5 f5 45. Be8 Bc2 46. Kf6 Bxa4 47. Bxa4 Kxa4 48. Kxe6 Kb3 49. Kxf5 a4 50. e4 a3 51. e5 a2 52. e6 a1=Q 53. e7 Qe1 54. Kf6 Qxf2+ 55. Ke6 Qe3+ 56. Kd7 Qd4+ 57. Ke6 Qe4+ 58. Kd7 Qd5+ 59. Kc8 Qc5+ 60. Kd7 Qd5+ 61. Kc8 Qe6+ 62. Kd8 Qd6+ 63. Ke8 Kc4 64. Kf7 Qf4+ 65. Ke6 Qe4+ 66. Kf6 Qd4+ 67. Kf7 Qe5 68. e8=Q Qxe8+ 69. Kxe8 1/2-1/2


[Site "https://www.chess.com"]

[Event "Titled Tuesday Blitz May 24 Late 2022"]
[White "Lutz, Igor Oscar"]
[Black "Redor, Menandro"]
[WhiteFideId "2110806"]
[BlackFideId "5222010"]
[WhiteElo "1739"]
[BlackElo "1986"]
[Result "0-1"]
[Round "07"]
[TimeControl "180+1"]
[Date "2022.05.25"]
[WhiteClock "0:00:04"]
[BlackClock "0:00:40"]

1. d4 c5 2. d5 d6 3. c4 Nf6 4. Nc3 b5 5. cxb5 a6 6. b6 Qxb6 7. Nf3 g6 8. e4 Bg7 9. Be2 O-O 10. O-O a5 11. a4 Na6 12. Bb5 Nb4 13. Nd2 Ba6 14. Nc4 Qc7 15. Bxa6 Rxa6 16. Nb5 Qd8 17. Re1 Nd7 18. Ra3 Nb6 19. Qe2 Nxc4 20. Qxc4 Rb6 21. Rh3 Qd7 22. b3 Rfb8 23. Bh6 Rxb5 24. axb5 Qxb5 25. Qxb5 Rxb5 26. Bxg7 Kxg7 27. Ra1 Nc2 28. Ra2 Nd4 29. f4 Nxb3 30. Kf2 Nd4 31. Rha3 Nb3 32. Rb2 c4 33. Ke3 f5 34. e5 dxe5 35. fxe5 Rxd5 36. Ra4 Rxe5+ 37. Kf4 Rc5 38. Rc2 e5+ 39. Kf3 c3 40. Kf2 Nd4 41. Rc1 c2 42. Ra2 Kf6 43. Ke3 Rc3+ 44. Kd2 Rc5 45. Kd3 Ke6 46. Ra4 Kd5 47. Ra2 e4+ 48. Kd2 Nb3+ 0-1


[Site "https://www.chess.com"]

[Event "Titled Tuesday Blitz May 24 Late 2022"]
[White "Martinez Alcantara, Jose Eduardo"]
[Black "Drygalov, Andrey"]
[WhiteFideId "3805662"]
[BlackFideId "24171735"]
[WhiteElo "2690"]
[BlackElo "2540"]
[Result "1-0"]
[Round "07"]
[TimeControl "180+1"]
[Date "2022.05.24"]
[WhiteClock "0:00:22"]
[BlackClock "0:00:13"]

1. e4 c5 2. Nf3 d6 3. Bb5+ Nd7 4. O-O a6 5. Bxd7+ Bxd7 6. c3 Nf6 7. Re1 e6 8. d4 cxd4 9. cxd4 d5 10. exd5 Nxd5 11. Nc3 Nxc3 12. bxc3 Be7 13. Ne5 O-O 14. Qg4 Bf6 15. h4 Rc8 16. Bd2 Be8 17. h5 b5 18. Qg3 Bxe5 19. Rxe5 f6 20. h6 g6 21. Rxe6 Rc6 22. Rae1 a5 23. Re7 Bf7 24. Qf3 Ra6 25. Qb7 Rb6 26. Qa7 Rb8 27. Bf4 Ra8 28. Qb7 b4 29. cxb4 Qxd4 30. Rxf7 Rxf7 31. Qxa8+ Rf8 32. Qe4 1-0


[Site "https://www.chess.com"]

[Event "Titled Tuesday Blitz May 24 Late 2022"]
[White "Matinian, Nikita"]
[Black "Papp, Levente"]
[WhiteFideId "24129100"]
[BlackFideId "751243"]
[WhiteElo "2422"]
[BlackElo "2308"]
[Result "1-0"]
[Round "07"]
[TimeControl "180+1"]
[Date "2022.05.24"]
[WhiteClock "0:00:44"]
[BlackClock "0:00:02"]

1. e4 e6 2. d4 d5 3. Nc3 Bb4 4. e5 Ne7 5. a3 Bxc3+ 6. bxc3 b6 7. h4 Ba6 8. Bd3 Bxd3 9. cxd3 c5 10. dxc5 bxc5 11. h5 h6 12. Qg4 Nf5 13. Ne2 Nc6 14. Ng3 Nxe5 15. Qe2 Nxg3 16. fxg3 Nc6 17. O-O O-O 18. Ra2 Kh8 19. Qg4 f5 20. Qa4 Qd6 21. Raf2 Rac8 22. Bf4 e5 23. Bd2 Qe6 24. Qb5 c4 25. dxc4 dxc4 26. Be3 Rf7 27. Qa6 Re8 28. Qb5 Kh7 29. Qb1 g6 30. hxg6+ Qxg6 31. Rxf5 Rxf5 32. Rxf5 Rf8 33. Qb7+ Kg8 34. g4 Rxf5 35. gxf5 Qf6 36. g4 Ne7 37. Bc5 Kf7 38. Qxa7 h5 39. Qxe7+ Qxe7 40. Bxe7 hxg4 1-0


[Site "https://www.chess.com"]

[Event "Titled Tuesday Blitz May 24 Late 2022"]
[White "Mekhitarian, Krikor Sevag"]
[Black "O`Gorman, Tom"]
[WhiteFideId "2107660"]
[BlackFideId "2508249"]
[WhiteElo "2598"]
[BlackElo "2247"]
[Result "1-0"]
[Round "07"]
[TimeControl "180+1"]
[Date "2022.05.24"]
[WhiteClock "0:00:19"]
[BlackClock "0:00:16"]

1. d4 Nf6 2. Nf3 g6 3. Nc3 Bg7 4. e4 d6 5. h3 O-O 6. Be3 e5 7. Bd3 Nc6 8. d5 Nb4 9. Be2 Nh5 10. a3 Na6 11. g3 c5 12. Nd2 Nf6 13. g4 Nc7 14. a4 b6 15. h4 Rb8 16. h5 a6 17. h6 Bh8 18. g5 Nd7 19. Bg4 b5 20. axb5 axb5 21. b4 cxb4 22. Na2 Na6 23. O-O f5 24. gxf6 Nxf6 25. Bxc8 Qxc8 26. Qe2 Qh3 27. f3 Nh5 28. Qg2 Qxg2+ 29. Kxg2 Rfc8 30. Rfc1 Rb7 31. Rab1 Rbc7 32. Rb2 Nf4+ 33. Kf2 Bf6 34. Nb3 Bh4+ 35. Kf1 Bg5 36. Na5 Bxh6 37. Nc6 Nb8 38. Naxb4 Nxc6 39. Nxc6 Bg7 40. Rxb5 Ne6 41. Rcb1 Nd8 42. Na7 Ra8 43. Rb8 Rxb8 44. Rxb8 Bf6 45. Nc6 Rd7 46. Bb6 Kf7 47. Bxd8 1-0


[Site "https://www.chess.com"]

[Event "Titled Tuesday Blitz May 24 Late 2022"]
[White "Melkumyan, Hrant"]
[Black "Djokic, Mihailo"]
[WhiteFideId "13302485"]
[BlackFideId "976440"]
[WhiteElo "2604"]
[BlackElo "2202"]
[Result "1-0"]
[Round "07"]
[TimeControl "180+1"]
[Date "2022.05.24"]
[WhiteClock "0:01:50"]
[BlackClock "0:00:01"]

1. c4 e5 2. g3 Nc6 3. Bg2 Bc5 4. e3 d6 5. Ne2 Bf5 6. d4 Bb6 7. O-O Nf6 8. b4 a6 9. a4 O-O 10. a5 Ba7 11. b5 axb5 12. cxb5 Nb4 13. Bxb7 Rb8 14. a6 exd4 15. Nxd4 Bxd4 16. exd4 Bd3 17. Bg5 Bxb5 18. Nc3 Bxf1 19. Qxf1 h6 20. Bxf6 Qxf6 21. Qc4 Nc2 22. Nd5 Qxd4 23. Qxd4 Nxd4 24. Nxc7 Nb3 25. Rb1 Nc5 26. Rb6 Rfd8 27. Nd5 Kf8 28. Kg2 Nxb7 29. a7 Ra8 30. Rxb7 Re8 31. Nb6 Rac8 32. Nxc8 1-0


[Site "https://www.chess.com"]

[Event "Titled Tuesday Blitz May 24 Late 2022"]
[White "Mikhalsky, Vladimir"]
[Black "Roque Sola, Jose Luis"]
[WhiteFideId "14144352"]
[BlackFideId "5120390"]
[WhiteElo "2301"]
[BlackElo "1983"]
[Result "1-0"]
[Round "07"]
[TimeControl "180+1"]
[Date "2022.05.25"]
[WhiteClock "0:02:17"]
[BlackClock "0:01:48"]

1. e4 e6 2. d3 d5 3. Nd2 Nf6 4. g3 c5 5. Bg2 Nc6 6. Ngf3 Be7 7. O-O b6 8. e5 Nd7 9. Re1 Qc7 10. Qe2 Ba6 11. c3 O-O 12. Nf1 Rad8 13. h4 d4 14. c4 b5 15. b3 bxc4 16. bxc4 Nb4 17. a3 Nc6 18. N1h2 Rb8 19. h5 Na5 20. Bg5 Bxg5 21. Nxg5 Rfc8 22. h6 g6 23. Qf3 Nf8 24. Qf6 1-0


[Site "https://www.chess.com"]

[Event "Titled Tuesday Blitz May 24 Late 2022"]
[White "Milchev, Nikolay"]
[Black "Saim, Mohamed Ilias"]
[WhiteFideId "2906090"]
[BlackFideId "7900465"]
[WhiteElo "2449"]
[BlackElo "2006"]
[Result "1-0"]
[Round "07"]
[TimeControl "180+1"]
[Date "2022.05.25"]
[WhiteClock "0:02:03"]
[BlackClock "0:01:14"]

1. Nf3 Nf6 2. c4 e6 3. g3 d5 4. Bg2 Be7 5. O-O O-O 6. d4 Ne4 7. Nbd2 f5 8. Qb3 Nc6 9. e3 Bb4 10. Qc2 Bd7 11. a3 Be7 12. b4 Bf6 13. b5 Na5 14. a4 b6 15. Ba3 c5 16. bxc6 Nxc6 17. Bxf8 Qxf8 18. Nxe4 fxe4 19. Nd2 Nb4 20. Qb3 Nd3 21. cxd5 1-0


[Site "https://www.chess.com"]

[Event "Titled Tuesday Blitz May 24 Late 2022"]
[White "Moral Garcia, Serafin"]
[Black "Stojanovski, Sandi"]
[WhiteFideId "2201925"]
[BlackFideId "1403249"]
[WhiteElo "2228"]
[BlackElo "2349"]
[Result "1-0"]
[Round "07"]
[TimeControl "180+1"]
[Date "2022.05.25"]
[WhiteClock "0:00:47"]
[BlackClock "0:00:01"]

1. e4 Nf6 2. e5 Nd5 3. c4 Nb6 4. d3 d6 5. exd6 exd6 6. Nc3 Be7 7. Be3 O-O 8. g3 d5 9. Bxb6 axb6 10. Nxd5 Re8 11. Be2 Nc6 12. Kf1 Bc5 13. Bg4 Nd4 14. Bxc8 Qxc8 15. Kg2 c6 16. Ne3 Qe6 17. Nf3 Rad8 18. Nxd4 Bxd4 19. Re1 Bxb2 20. Rb1 Bc3 21. Re2 Bd4 22. Re1 Qg6 23. Rb3 h5 24. h4 Re6 25. Nc2 c5 26. Rxe6 Qxe6 27. Nxd4 Rxd4 28. Qxh5 Qc6+ 29. Qf3 Qa4 30. Rxb6 Qxa2 31. Rxb7 f6 32. Qh5 1-0


[Site "https://www.chess.com"]

[Event "Titled Tuesday Blitz May 24 Late 2022"]
[White "Motylev, Alexander"]
[Black "Vega Gutierrez, Sabrina"]
[WhiteFideId "4121830"]
[BlackFideId "2219026"]
[WhiteElo "2470"]
[BlackElo "2286"]
[Result "1-0"]
[Round "07"]
[TimeControl "180+1"]
[Date "2022.05.25"]
[WhiteClock "0:00:19"]
[BlackClock "0:00:01"]

1. d4 d5 2. c4 e6 3. Nf3 c6 4. Bg5 Be7 5. Bxe7 Qxe7 6. e3 Nf6 7. Nc3 O-O 8. Bd3 dxc4 9. Bxc4 b5 10. Bd3 a6 11. Rc1 Nbd7 12. Ne4 e5 13. Nxf6+ Qxf6 14. Qc2 exd4 15. Bxh7+ Kh8 16. Be4 dxe3 17. O-O exf2+ 18. Qxf2 Bb7 19. Qg3 Qh6 20. Ng5 f6 21. Ne6 Rfe8 22. Bf5 c5 23. Rce1 Ne5 24. Rf4 g5 25. Rf2 Bc8 26. Rxe5 fxe5 27. Nxg5 Ra7 28. Bxc8 Rxc8 29. Nf7+ Rxf7 30. Rxf7 Re8 31. h3 Qc1+ 32. Kh2 Qh6 33. Rf5 e4 34. Rf4 e3 35. Rh4 Kh7 36. Qc7+ Kg6 37. Qc6+ 1-0


[Site "https://www.chess.com"]

[Event "Titled Tuesday Blitz May 24 Late 2022"]
[White "Nazaretyan, Tigran"]
[Black "Rustemov, Alexander"]
[WhiteFideId "24162345"]
[BlackFideId "4119002"]
[WhiteElo "2225"]
[BlackElo "2836"]
[Result "0-1"]
[Round "07"]
[TimeControl "180+1"]
[Date "2022.05.24"]
[WhiteClock "0:00:28"]
[BlackClock "0:01:30"]

1. d4 f5 2. Nf3 Nf6 3. g3 g6 4. Bg2 Bg7 5. O-O O-O 6. c4 d6 7. Nc3 Nc6 8. d5 Na5 9. Nd2 c5 10. Rb1 e5 11. a3 b6 12. b4 Nb7 13. e4 f4 14. f3 fxg3 15. hxg3 Nh5 16. Qe1 Qg5 17. Kh2 Bd7 18. Nb3 Qe7 19. bxc5 dxc5 20. Nb5 Bxb5 21. cxb5 Nd6 22. a4 Bf6 23. f4 Rae8 24. f5 Bg5 25. g4 Bxc1 26. Rxc1 Nf4 27. Bf3 h5 28. gxh5 gxf5 29. exf5 Kh8 30. Nd2 Nd3 31. Qe3 Qh4+ 32. Kg1 Rg8+ 33. Bg2 Rxg2+ 34. Kxg2 Rg8+ 35. Kf3 Qg4# 0-1


[Site "https://www.chess.com"]